 Dungeon Crawl Stone Soup version 0.24.0 (webtiles) character file.

Game seed: 12339696261665144264, levelgen mode: deterministic

1325 Buxparty the Stinger (level 8, -4/58 HPs)
             Began as a Gnoll Wanderer on Feb 4, 2020.
             Slain by a wyvern (6 damage)
             ... on level 6 of the Dungeon.
             The game lasted 00:23:28 (7290 turns).

Buxparty the Stinger (Gnoll Wanderer)               Turns: 7290, Time: 00:23:28

Health: -4/58      AC: 12    Str: 18    XL:     8   Next: 60%
Magic:  10/14      EV: 12    Int: 15    God:
Gold:   317        SH:  0    Dex: 13    Spells: 11/15 levels left

rFire    . . .     SeeInvis .   u - +2 spear (venom)
rCold    . . .     Gourm    .   (no shield)
rNeg     . . .     Faith    .   x - +0 ring mail (curse)
rPois    .         Spirit   .   (no helmet)
rElec    .         Reflect  .   p - +0 cloak
rCorr    .         Harm     .   g - +0 pair of gloves
MR       .....                  (no boots)
Stlth    ++........             (no amulet)
HPRegen  0.19/turn              i - +4 ring of protection
MPRegen  0.14/turn              (no ring)

@: no status effects
A: distributed training, fangs 1, strong nose
a: no special abilities


You were on level 6 of the Dungeon.
You were not hungry.

You visited 1 branch of the dungeon, and saw 6 of its levels.

You collected 317 gold pieces.

Inventory:

Hand Weapons
 f - a +0 hunting sling
 u - a +2 spear of venom (weapon)
 B - a -2 quarterstaff
Missiles
 k - 24 sling bullets
Armour
 g - a +0 pair of gloves (worn)
 p - a +0 cloak (worn)
 x - a cursed +0 ring mail (worn)
 y - a +0 ring mail
Jewellery
 i - a +4 ring of protection (left hand)
Wands
 e - a wand of flame (15)
 r - a wand of random effects (15)
Scrolls
 a - 2 scrolls of enchant armour {unknown}
 b - 8 scrolls of identify {unknown}
 c - 2 scrolls of blinking {unknown}
 h - a scroll of noise {unknown}
 j - a scroll of fog {unknown}
 m - 4 scrolls of teleportation {unknown}
 o - 3 scrolls of immolation {unknown}
 t - a scroll of enchant weapon {unknown}
 z - 2 scrolls of remove curse
Potions
 d - a potion of resistance {unknown}
 l - a potion of magic {unknown}
 n - 2 potions of ambrosia
 q - a potion of mutation {unknown}
 s - a potion of berserk rage {unknown}
 v - a potion of brilliance {unknown}
 w - 2 potions of curing
 A - a potion of haste {unknown}
Comestibles
 C - a ration


   Skills:
 + Level 3.3 Fighting
 + Level 3.3 Short Blades
 + Level 3.3 Long Blades
 + Level 3.3 Axes
 + Level 3.3 Maces & Flails
 + Level 3.3 Polearms
 + Level 3.3 Staves
 + Level 3.3 Slings
 + Level 3.3 Bows
 + Level 3.3 Crossbows
 + Level 3.3 Throwing
 + Level 3.3 Armour
 + Level 3.3 Dodging
 + Level 3.3 Stealth
 + Level 3.3 Shields
 + Level 3.3 Unarmed Combat
 + Level 4.4 Spellcasting
 + Level 2.7 Conjurations
 + Level 2.7 Hexes
 + Level 2.7 Charms
 + Level 6.1 Summonings
 + Level 2.7 Necromancy
 + Level 2.7 Translocations
 + Level 2.7 Transmutations
 + Level 2.7 Fire Magic
 + Level 2.7 Ice Magic
 + Level 2.7 Air Magic
 + Level 2.7 Earth Magic
 + Level 7.7 Poison Magic
 + Level 3.7 Invocations
 + Level 5.7 Evocations


You had 11 spell levels left.
You knew the following spells:

 Your Spells              Type           Power        Failure   Level  Hunger
a - Summon Small Mammal   Summ           ###.         2%          1    None
b - Call Canine Familiar  Summ           ###.....     7%          3    ###....

Your spell library contained the following spells:

 Spells                   Type           Power        Failure   Level  Hunger
 Sting                    Conj/Pois      ###.         3%          1    None
 Flame Tongue             Conj/Fire      ##...        10%         1    None
 Throw Flame              Conj/Fire      ##....       14%         2    ##.....
 Mephitic Cloud           Conj/Pois/Air  ###.....     14%         3    ###....
 Conjure Flame            Conj/Fire      ##......     28%         3    ###....
 Inner Flame              Hex/Fire       ##......     28%         3    ###....
 Sticky Flame             Conj/Fire      ##......     67%         4    ####...
 Fireball                 Conj/Fire      ##........   95%         5    ######.


Dungeon Overview and Level Annotations

Branches:
Dungeon (6/15)
 Temple: D:4-7

Altars:
Ashenzari
Cheibriados
Fedhas
Ru
Uskayaw
Vehumet
Wu Jian
Xom
Yredelemnul
The Shining One

Shops:
D:6 (

Annotations:
Abyss:1 Natasha


Innate Abilities, Weirdness & Mutations

Your experience applies equally to all skills.
You have very sharp teeth.
Your uncanny sense of smell can sniff out nearby items.


Message History

Your hound dies!
Your hound's corpse disappears in a puff of smoke!
Your quokka bites the wyvern but does no damage.
The orc barely misses your quokka. The wyvern barely misses you.
The wyvern barely misses you. The wyvern misses you.
Your quokka misses the wyvern.
The sentinel's mark upon you fades away.
Your quokka disappears in a puff of smoke!
The wyvern bites you.
Casting: Call Canine Familiar (safe; 7% risk of failure)
Confirm with . or Enter, or press ? or * to list all spells.
The wyvern bites you!
* * * LOW HITPOINT WARNING * * *
The wyvern bites you!
* * * LOW HITPOINT WARNING * * *
Unknown command.
Your rat closely misses the orc.
The wyvern bites you.
You die...

####..#
#......#.###.....###...
# #..## ##......#.#
##.....###.. # ##..#
#......>#.# ##(....###.
# #..# #......##.#
##.....### #
#..###......##.+
##.....## #
#...##..r..###.#
###+####
##....O...####.#
#...(.#.
###......o.o.l...#
#.....#.
##...####..####@..#
+.....(. ##...## #.##
#....### #.....#(
#..### ### #....#.##
#.....#. ..##
#....#..## ###'#### .##
##..#.'.).###.....## ##
#...#.#....###.....# #
#.....#.....###.....
#.....##.....###....
#####
##..#..###.....###...


You could see an orc warrior, a wyvern, an ogre, an orc and a friendly rat.

Vanquished Creatures
  Grinder (D:4)
  2 ice beasts
  An ogre (D:4)
  A centaur (D:6)
  A bullfrog (D:6)
  3 scorpions (D:5)
  A centaur zombie (D:5)
  2 hounds
  2 iguanas
  A worker ant (D:4)
  Ijyb (D:3)
  Natasha (D:3)
  3 bullfrog skeletons
  A hound zombie (D:5)
  A hound skeleton (D:5)
  2 worker ant zombies (D:5)
  6 adders
  A howler monkey skeleton (D:4)
  2 shadow imps (D:5)
  An ooze (D:4)
  An adder skeleton (D:5)
  2 worms (D:3)
  A dart slug (D:3)
  6 leopard geckos
  4 orcs
  6 bats
  A giant cockroach (D:3)
  5 goblins (D:3)
  3 hobgoblins
  4 jackals (D:1)
  4 kobolds
  3 quokkas
  A ball python (D:3)
  3 frilled lizards
  A leopard gecko skeleton (D:5)
  A quokka skeleton (D:6)
  A quokka zombie (D:5)
  2 rats
  A fungus (D:2)
84 creatures vanquished.

Vanquished Creatures (collateral kills)
  Crazy Yiuf (D:2)
  Robin (D:3)
  A gnoll (D:3)
  A howler monkey skeleton (D:4)
  An adder (D:4)
  A shadow imp (D:3)
  An orc (D:5)
  A giant cockroach (D:1)
  7 goblins
  6 hobgoblins
  A jackal (D:1)
  A kobold (D:1)
  A rat (D:1)
24 creatures vanquished.

Grand Total: 108 creatures vanquished

Notes
Turn   | Place    | Note
-------+----------+-------------------------------------------
     0 | D:1      | Buxparty the Gnoll Wanderer began the quest for the Orb.
     0 | D:1      | Buxparty set off with the following items: a +0 club, a +0
                  | robe, a wand of flame (15), a ration; and the following
                  | spells available to memorise: Summon Small Mammal, Sting,
                  | Call Canine Familiar, Mephitic Cloud
     0 | D:1      | Reached XP level 1. HP: 13/13 MP: 4/4
     2 | D:1      | Learned a level 1 spell: Summon Small Mammal
   275 | D:1      | Reached XP level 2. HP: 13/19 MP: 5/5
  1747 | D:2      | Reached XP level 3. HP: 22/25 MP: 7/7
  2162 | D:2      | Reached skill level 1 in Invocations
  2535 | D:2      | Found a faded altar of an unknown god.
  2643 | D:2      | Found a runed translucent door.
  2644 | D:2      | Noticed Crazy Yiuf
  2685 | D:2      | Killed Crazy Yiuf
  2685 | D:2      | Reached skill level 1 in Fighting
  2685 | D:2      | Reached skill level 1 in Short Blades
  2685 | D:2      | Reached skill level 1 in Long Blades
  2685 | D:2      | Reached skill level 1 in Axes
  2685 | D:2      | Reached skill level 1 in Maces & Flails
  2685 | D:2      | Reached skill level 1 in Polearms
  2685 | D:2      | Reached skill level 1 in Staves
  2685 | D:2      | Reached skill level 1 in Slings
  2685 | D:2      | Reached skill level 1 in Bows
  2685 | D:2      | Reached skill level 1 in Crossbows
  2685 | D:2      | Reached skill level 1 in Throwing
  2685 | D:2      | Reached skill level 1 in Armour
  2685 | D:2      | Reached skill level 1 in Dodging
  2685 | D:2      | Reached skill level 1 in Stealth
  2685 | D:2      | Reached skill level 1 in Shields
  2685 | D:2      | Reached skill level 1 in Unarmed Combat
  2685 | D:2      | Reached XP level 4. HP: 24/32 MP: 4/8
  2924 | D:3      | Found an ornate altar of the Wu Jian Council.
  3151 | D:3      | Noticed Robin
  3205 | D:3      | Reached skill level 1 in Conjurations
  3205 | D:3      | Reached skill level 1 in Hexes
  3205 | D:3      | Reached skill level 1 in Charms
  3205 | D:3      | Reached skill level 1 in Necromancy
  3205 | D:3      | Reached skill level 1 in Translocations
  3205 | D:3      | Reached skill level 1 in Transmutations
  3205 | D:3      | Reached skill level 1 in Fire Magic
  3205 | D:3      | Reached skill level 1 in Ice Magic
  3205 | D:3      | Reached skill level 1 in Air Magic
  3205 | D:3      | Reached skill level 1 in Earth Magic
  3252 | D:3      | Killed Robin
  3457 | D:3      | Learned a level 3 spell: Call Canine Familiar
  3518 | D:3      | Noticed Ijyb
  3555 | D:3      | Killed Ijyb
  3555 | D:3      | Reached XP level 5. HP: 37/37 MP: 7/9
  3838 | D:3      | Noticed Natasha
  3845 | D:3      | Killed Natasha
  3907 | D:3      | Noticed Natasha
  3911 | D:3      | Banished Natasha
  4792 | D:4      | Reached XP level 6. HP: 42/44 MP: 10/10
  4999 | D:4      | Reached skill level 5 in Evocations
  5004 | D:4      | Found a sacrificial altar of Ru.
  5047 | D:4      | Found a shimmering altar of Xom.
  5224 | D:4      | Noticed Grinder
  5224 | D:4      | Paralysed by Grinder for 6 turns
  5251 | D:4      | Paralysed by Grinder for 3 turns
  5263 | D:4      | Killed Grinder
  5263 | D:4      | Reached XP level 7. HP: 42/50 MP: 7/12
  5522 | D:5      | Entered Level 5 of the Dungeon
  5873 | D:5      | Found a glowing golden altar of the Shining One.
  5873 | D:5      | Found a radiant altar of Vehumet.
  5875 | D:5      | Found a snail-covered altar of Cheibriados.
  5875 | D:5      | Found a blossoming altar of Fedhas.
  5876 | D:5      | Found a shattered altar of Ashenzari.
  5877 | D:5      | Found a hide-covered altar of Uskayaw.
  5877 | D:5      | Found a basalt altar of Yredelemnul.
  6052 | D:5      | Reached XP level 8. HP: 33/57 MP: 12/14
  6878 | D:6      | Found Egizienigot's Weapon Shop.
  7253 | D:6      | Noticed a wyvern
  7288 | D:6      | HP: 2/58 [wyvern (7)]
  7290 | D:6      | Slain by a wyvern

Levels and vault maps discovered:
D:1:      dpeg_arrival_arbitrary_a, layout_basic, minmay_crystal_room
D:2:      layout_basic, chequers_ecumenical_altar_simple,
          uniq_crazy_yiuf_cottage
D:3:      layout_loops_ring, old_standard_altar, serial_bayou_lagoon_a,
          minmay_quantized, uniq_robin, uniq_natasha, uniq_ijyb
D:4:      layout_loops_ring, lemuel_coloured_pillars_altar,
          kennysheep_mini_moat, chequers_serial_rivers_micro_e,
          hangedman_decor_points, grunt_ministairs_7,
          ebering_dispersal_statue_hall, uniq_grinder
D:5:      layout_gridville, grunt_temple_overflow_open, serial_undead,
          serial_undead_c, serial_undead_e, serial_undead_a, serial_undead_c,
          first_ration
D:6:      layout_cave_pods, serial_shops, shop, minmay_quadrilaterals
